 Dungeon Crawl Stone Soup version 0.28-a0-533-g9f97627e2a (webtiles) character file.

Game seed: 7527584618261234232

0 Gargoyl the Skirmisher (level 1, -2/23 HPs)
             Began as a Gnoll Abyssal Knight on Sept 26, 2021.
             Was a Follower of Lugonu.
             Slain by an ancient zyme (14 damage)
             ... on level 1 of the Abyss.
             The game lasted 00:00:27 (122 turns).

Gargoyl the Skirmisher (Gnoll Abyssal Knight)        Turns: 122, Time: 00:00:28

Health: -2/23      AC:  3    Str: 12    XL:     1   Next: 0%
Magic:  3/3        EV: 12    Int:  9    God:    Lugonu [*.....]
Gold:   0          SH:  0    Dex: 12    Spells: 0/0 levels left

rFire   . . .      SeeInvis .   a - +1 hand axe
rCold   . . .      Faith    .   (no shield)
rNeg    . . .      Spirit   .   b - +0 leather armour
rPois   .          Reflect  .   (no helmet)
rElec   .          Harm     .   (no cloak)
rCorr   .          Rampage  .   (no gloves)
Will    .....                   (no boots)
Stlth   +.........              (no amulet)
HPRegen 0.00/turn               (no ring)
MPRegen 0.08/turn               (no ring)

@: badly diseased
A: fangs 1, strong nose, distributed training
a: Renounce Religion, Depart the Abyss


You were on level 1 of the Abyss.
You worshipped Lugonu.
Lugonu was aware of your devotion.
You visited 0 branches of the dungeon, and saw 0 of its levels.
You visited the Abyss 1 time.

Inventory:

Hand Weapons
 a - a +1 hand axe (weapon)
Armour
 b - a +0 leather armour (worn)
 c - a +0 plate armour
Scrolls
 d - 2 scrolls of torment {unknown}


   Skills:
 + Level 6.4 Fighting
 + Level 0.0 Short Blades
 + Level 0.0 Long Blades
 + Level 4.4 Axes
 + Level 0.0 Maces & Flails
 + Level 0.0 Polearms
 + Level 0.0 Staves
 + Level 0.0 Slings
 + Level 0.0 Bows
 + Level 0.0 Crossbows
 + Level 0.0 Throwing
 + Level 4.4 Armour
 + Level 2.3 Dodging
 + Level 0.0 Stealth
 + Level 0.0 Shields
 + Level 0.0 Unarmed Combat
 + Level 0.0 Spellcasting
 + Level 0.0 Conjurations
 + Level 0.0 Hexes
 + Level 0.0 Summonings
 + Level 0.0 Necromancy
 + Level 0.0 Translocations
 + Level 0.0 Transmutations
 + Level 0.0 Fire Magic
 + Level 0.0 Ice Magic
 + Level 0.0 Air Magic
 + Level 0.0 Earth Magic
 + Level 0.0 Poison Magic
 + Level 4.4 Invocations
 + Level 0.0 Evocations


You couldn't memorise any spells.
You didn't know any spells.
Your spell library was empty.

Dungeon Overview and Level Annotations

Branches:
Dungeon (0/15)

Altars:


Innate Abilities, Weirdness & Mutations

You have very sharp teeth.
Your uncanny sense of smell can sniff out nearby items.
Your experience applies equally to all skills.


Message History

A tentacle flies out from the starspawn's body!
A starspawn tentacle comes into view.
The starspawn tentacle grabs you. The starspawn tentacle constricts you.
A starspawn tentacle comes into view.
You escape the starspawn tentacle's grasp.
A tentacle flies out from the starspawn's body!
A starspawn tentacle comes into view.
The starspawn tentacle grabs you. The starspawn tentacle constricts you.
The starspawn tentacle loses its grip on you.
The tentacle pulls you backwards!
Found 16 stones.
Tentacles burst from the starspawn's body! 2 starspawn tentacles come into view.
Found a corrupted altar of Lugonu.
An ancient zyme comes into view.
You feel yourself growing ill in the presence of the ancient zyme.
An ancient zyme comes into view.
You feel ill.
Tentacles burst from the starspawn's body!
You feel ill. 2 starspawn tentacles come into view.
The starspawn tentacle grabs you. The starspawn tentacle constricts you.
You escape the starspawn tentacle's grasp.
Tentacles burst from the starspawn's body! 2 starspawn tentacles come into view.
Found a plate armour.
You see here a +0 plate armour.
c - a +0 plate armour You feel ill.
You feel ill.
You feel ill.
You feel ill.
Found 2 scrolls labelled BIOMIL BIUGRERISE.
Found a gateway leading out of the Abyss.
You feel ill.
You see here 2 scrolls labelled BIOMIL BIUGRERISE.
d - 2 scrolls labelled BIOMIL BIUGRERISE The ancient zyme hits you.
The ancient zyme hits you!
Ouch! That really hurt!
You die...

.....x### # .###.#
..# .#.####..#.#.#.#
#.. ..
##.#..#.####.# . ..#
.##.#..###...# # .#
#####.###.###.. . #.
##.#.#.∩.#.## .
....# .#####.##..# #
.. .###.###.####..#
... #.....x@.#.....
#########.##.#.###..
# ..#.#.. # ..
#.##.. #.... ## #.
##..#. #.#...
.##.##.


You could see an ancient zyme.

Vanquished Creatures (others)
  9 starspawn tentacles (Abyss:1)
9 creatures vanquished.

Notes
Turn   | Place    | Note
-------+----------+-------------------------------------------
     0 | Abyss:1  | Gargoyl the Gnoll Abyssal Knight began the quest for the
                  | Orb.
     0 | Abyss:1  | Reached XP level 1. HP: 23/23 MP: 3/3
    37 | Abyss:1  | Noticed a tentacled starspawn
    50 | Abyss:1  | Found a corrupted altar of Lugonu.
    52 | Abyss:1  | Noticed an ancient zyme
    54 | Abyss:1  | Noticed an ancient zyme
   122 | Abyss:1  | Slain by an ancient zyme

Illustrated notes

Levels and vault maps discovered:
Abyss:1:  base: Temple, evilmike_abyss_exit_9, base: Temple,
          evilmike_abyss_exit_glass, evilmike_abyss_exit_16,
          evilmike_abyss_exit_glass

Table legend: (Time is in decaauts)
 A = Elapsed time spent in this place.
 B = Non-inter-level travel time spent in this place.
 C = Inter-level travel time spent in this place.
 D = Time resting spent in this place.
 E = Time spent auto-exploring this place.
 F = Levels seen in this place.
 G = Mean time per level.
                   A        B        C        D        E       F      G
               +--------+--------+--------+--------+--------+-----+--------+
         Total |    122 |    122 |      0 |      0 |     37 |   1 |  122.0 |
         Abyss |    122 |    122 |      0 |      0 |     37 |   1 |  122.0 |
               +--------+--------+--------+--------+--------+-----+--------+

Top non-repeatable levels by time:
 Abyss:1: 122 daAuts
